← All builds
Tech / Armada / Economy first / OBSERVED BUILD

Standard tech

Armada Tech (Eco) build order · Supreme Isthmus

Rushes T2 by 4:15, gets Advanced Metal Extractor around 5:28, hands off T2 constructors to Geo and the team, then scales eco and supplies the team's T2 needs through the rest of the game.

Usually first T2 con to Geo (83%)

#eco #t2 #team support · 1591 distinct matches · 254 players · 60% of Armada Tech games · team won 53% of 1901 · Recently observed

HOW TO PLAY IT

Key timing: T2 factory by 4:15

  1. Open 3 mex and heavy wind to fund a fast T2 rush.
  2. Put down Bot Lab, planning to eat it for reclaim soon after.
  3. Get Advanced Bot Lab up, hitting the T2 factory rush timing.
  4. Upgrade mex to Advanced Metal Extractor to lock in team metal income.
  5. Eat Advanced Bot Lab and keep sending cons to Geo and Pond.

Phase by phase

TYPICAL OF ITS 1591 GAMES
  1. 1
  2. 2
  3. 3
  4. 4
PLAY THE OPENING

Follow the example game's first 6:00 step by step: what to build now, what comes next, and where it goes. At 1× it keeps pace with your own game.

  1. 1

    Up to the Bot Lab

    Economy
    • Metal Extractor3Mex
    • Wind Turbine4Wind
    Order
    1. Bot LabBot Lab after 3 mex, 4 winddone ~1:18, middle half 1:13–1:32

    Some games also: energy storage (31%)

    By 1:01 in all: 3 mex · 4 wind

    The example game in this phase · 3 steps
    1. Mex ×3
    2. Wind ×4
    3. Bot LabBot Labdone 1:15 · typical 1:18
  2. 2

    Bot Lab to Advanced Bot Lab

    Economy
    • Metal Extractor1Mex
    • Wind Turbine8Wind
    • Energy Storage1Energy storage
    Order
    1. Advanced Bot LabAdvanced Bot Lab after 4 mex, 12 wind, 3 con turretdone ~4:16, middle half 4:04–4:30
    Builders
    • Construction Turret3 Con turret
    • Lazarus3 Lazarus
    • Construction Bot2 Con bot
    • Construction Bot1 Con bot for allies

    Some games also: converter (36%)

    By 3:18 in all: 4 mex · 12 wind · 1 energy storage · 3 con turret

    The example game in this phase · 17 steps
    1. Construction BotCon bot
    2. LazarusLazarus
    3. Wind ×2
    4. LazarusLazarus
    5. Mex
    6. Construction BotCon bot
    7. LazarusLazarusfor Air
    8. Construction BotCon botfor Air
    9. Con turret
    10. LazarusLazarus
    11. Wind ×4
    12. Con turret
    13. Wind ×4
    14. Con turret
    15. Bot LabEat Bot Labreclaimed for its metal
    16. Wind ×3
    17. Advanced Bot LabAdvanced Bot Labdone 4:31 · typical 4:16
  3. 3

    Advanced Bot Lab to 5:00

    Economy
    • Wind Turbine3Wind
    Order
    1. Bot LabEat Bot Lab
    Builders
    • Advanced Construction Bot1 T2 con bot for allies

    Some games also: converter (35%)

    By 5:00 in all: 4 mex · 15 wind · 1 converter · 1 energy storage · 3 con turret

    The example game in this phase · 8 steps
    1. Wind
    2. Energy storage
    3. Wind ×3
    4. Converter ×2
    5. Wind ×3
    6. Advanced Construction BotT2 con botfor Geo
    7. Wind
    8. Advanced Metal ExtractorT2 mexdone 5:41 · typical 5:28
  4. 4

    5:00 to 10:00

    Economy
    • Wind Turbine43Wind
    • Energy Converter6Converter
    Builders
    • Butler9 Butler
    • Advanced Construction Bot4 T2 con bot for allies
    • Advanced Construction Bot1 T2 con bot

    Some games also: con turret (43%) · Butler for allies (37%)

    By 10:00 in all: 4 mex · 58 wind · 8 converter · 1 energy storage · 3 con turret

    The example game in this phase · 231 steps
    1. Advanced Metal ExtractorT2 mex
    2. Wind ×2
    3. Converter
    4. Advanced Construction BotT2 con botfor Air
    5. Wind ×2
    6. Advanced Construction BotT2 con botfor Geo sea
    7. Advanced Metal ExtractorT2 mex
    8. Wind ×2
    9. Advanced Construction BotT2 con botfor Pond
    10. Wind ×5
    11. Advanced Metal ExtractorT2 mex
    12. Advanced Construction BotT2 con botfor Beach sea
    13. Wind
    14. Advanced Construction BotT2 con bot
    15. Wind
    16. ButlerButler ×2
    17. Wind
    18. Converter
    19. ButlerButler ×2
    20. Wind
    21. ButlerButler ×2
    22. Converter
    23. ButlerButler
    24. Wind
    25. ButlerButler
    26. Wind ×3
    27. ButlerButler
    28. Converter
    29. Wind
    30. ButlerButler
    31. Converter
    32. Wind ×4
    33. Converter
    34. ButlerButler
    35. Wind ×2
    36. Converter ×2
    37. Wind ×4
    38. Converter
    39. ButlerButler
    40. Wind ×4
    41. Converter
    42. Wind ×3
    43. ButlerButler
    44. Converter
    45. Wind ×5
    46. Converter
    47. Wind ×3
    48. ButlerButler
    49. Wind ×2
    50. Converter
    51. Wind ×4
    52. Converter
    53. Wind ×5
    54. Converter
    55. ButlerButler
    56. Wind ×4
    57. Converter
    58. Wind ×4
    59. Converter
    60. Wind ×2
    61. ButlerButler
    62. Wind ×4
    63. Converter
    64. Wind ×5
    65. ButlerButler
    66. Wind
    67. Converter
    68. Wind ×5
    69. Converter
    70. Wind
    71. Converter
    72. Wind ×2
    73. SprinterSprinter
    74. Wind ×3
    75. Converter ×2
    76. Wind ×2
    77. SprinterSprinter
    78. Wind
    79. ButlerButler
    80. Wind
    81. Converter
    82. Wind ×2
    83. Converter
    84. Wind ×4
    85. Advanced Construction BotT2 con bot
    86. Converter ×2
    87. Con turret
    88. Wind ×5
    89. Converter
    90. Wind
    91. Converter
    92. Wind ×3
    93. Converter
    94. Wind ×2
    95. Converter
    96. Wind ×5
    97. Converter ×2
    98. Wind ×4
    99. Converter
    100. Wind
    101. Converter
    102. Wind ×4
    103. Converter
    104. Wind
    105. Converter
    106. Wind ×6
    107. Fusion ReactorFusiondone 13:20
    108. Converter ×2
    109. Wind ×4
    110. Converter
    111. CitadelAnti-nukedone 13:54
    112. Converter
    113. Wind ×5
    114. Converter ×2
    115. Wind ×4
    116. Advanced Bot LabEat Advanced Bot Labreclaimed for its metal
    117. Wind
    118. Con turret
    119. Wind ×2
    120. Converter ×2
    121. Wind ×3
    122. Con turret
    123. Wind ×4
    124. Converter ×2
    125. Wind
    126. Con turret
    127. Wind ×5
    128. Converter
    129. Wind
    130. Con turret
    131. Wind
    132. Converter
    133. Wind ×6
    134. Converter
    135. Wind ×2
    136. Converter
    137. Wind ×5
    138. Converter ×2
    139. Wind ×7
    140. Converter
    141. Wind
    142. Converter
    143. Wind ×6
    144. Converter
    145. Wind ×2
    146. Converter
    147. Wind ×5
    148. Converter
    149. Wind ×2
    150. Converter
    151. Wind ×6
    152. Converter ×2
    153. Wind ×7
    154. Converter
    155. Wind
    156. Converter
    157. Wind ×4
    158. Converter
    159. Wind ×4
    160. Converter
    161. Fusion ReactorFusion
    162. Wind ×4
    163. Converter
    164. Wind
    165. Converter
    166. Wind ×6
    167. Converter
    168. Wind
    169. Converter
    170. Wind ×4
    171. Converter
    172. Wind ×4
    173. Converter
    174. Wind ×3
    175. Converter
    176. Wind ×5
    177. Converter
    178. Wind ×3
    179. Converter
    180. Wind ×5
    181. T2 converter
    182. Converter
    183. Wind ×3
    184. Converter
    185. Wind ×4
    186. Converter
    187. Wind ×2
    188. Converter
    189. Wind ×4
    190. Converter
    191. Wind ×3
    192. Converter
    193. Wind ×4
    194. Converter
    195. Wind ×4
    196. Converter
    197. Wind ×4
    198. Converter
    199. Wind
    200. Advanced Fusion ReactorAdvanced Fusion Reactornot finished by 15:00
    201. Converter
    202. Wind ×4
    203. Converter
    204. Wind ×3
    205. Converter
    206. Wind ×4
    207. Converter
    208. Wind
    209. Con turret
    210. Wind ×3
    211. Converter
    212. Wind
    213. Con turret
    214. Wind ×3
    215. T2 converter
    216. Con turret
    217. Converter
    218. Wind ×2
    219. Con turret
    220. Converter
    221. Wind
    222. Con turret
    223. Wind
    224. Converter
    225. Wind ×2
    226. Con turret
    227. Wind
    228. Con turret
    229. Wind
    230. Converter
    231. Wind ×2

Counts are medians over the build's games: half of them build more, half fewer. The example game is whitetiger2819's (31 OS, 23/09/2026); pick another.

Team trades

IN AT LEAST 30% OF ITS GAMES

You hand over

  • Construction Bot1 Con bot to Airfirst at 2:23 · in 84% of games
  • Advanced Construction Bot5 T2 con bot to Air or Pond or Geo seafirst at 4:50 · in 99% of games
  • Butler2 Butler to Geo sea or Beach sea or Pondfirst at 9:06 · in 42% of games

You get

  • Hercules1 Light transport from Airfirst at 4:01 · in 86% of games

How it plays out

Typical game of this build, running totals by minute

Metal produced

020k40k
0:005:0010:0015:00

metal

Enemy metal destroyed

050100150
0:005:0010:0015:00

metal

Own metal lost

050100150
0:005:0010:0015:00

metal

1901 games.

Show as table
ByMetal produced: This buildEnemy metal destroyed: This buildOwn metal lost: This build
1:0038300
2:0091500
3:00165200
4:00314400
5:00484800
6:00580200
7:00723000
8:00906500
9:001117900
10:001352400
11:001624200
12:001965200
13:002342800
14:0027285074
15:0031507115130
WHAT THE NUMBERS SAY

Standard Tech play barely fights at all early, instead pouring metal into T2 infrastructure and constructors for the team.

  • + Metal produced hits 31679 by 15:00, by far the highest of any role here.
  • + T2 factory reached in 97% of games by 4:15, fastest and most reliable T2 timing.
  • − Enemy metal destroyed stays at 0 through 10:00, no early offense at all.
  • − Own metal lost also near 0, showing total avoidance of combat risk.
THE EXAMPLE YOU ARE READING

whitetiger2819

31.1 OS · 23/09/2026

Open source match ↗

1 received units
1153 metal received · 27469 energy received

Allied construction assistance is unknown. Timings are observations, not a promise of solo reproducibility.

Typical milestones

Bot Lab1:18Middle 50%: 1:13–1:32 · n=1901
Advanced Bot Lab4:16Middle 50%: 4:04–4:30 · n=1894
Advanced Metal Extractor5:28Middle 50%: 5:05–5:59 · n=1897

Played most by

Amrissa97games of this buildTheGeneraI70games of this buildAdeus57games of this buildEl_Turco55games of this buildKOT_45games of this build